 Dungeon Crawl Stone Soup version 0.18-a0-888-gdb73dea (webtiles) character file.

0 dvd the Firebug (level 1, 14/14 HPs)
             Began as a Demigod Fire Elementalist on Dec 23, 2015.
             Quit the game on level 1 of the Dungeon.
             The game lasted 00:00:35 (54 turns).

dvd the Firebug (Demigod Fire Elementalist)           Turns: 54, Time: 00:00:35

Health: 14/14      AC:  2    Str: 11    XL:     1   Next: 6%
Magic:  5/5        EV: 12    Int: 19    God:
Gold:   15         SH:  0    Dex: 16    Spells: 1 memorised, 2 levels left

rFire  . . .     SeeInvis .     (no weapon)
rCold  . . .     Gourm    .     a - +0 robe
rNeg   . . .     Faith    .     (no shield)
rPois  .         Spirit   .     (no helmet)
rElec  .         Dismiss  .     (no cloak)
rCorr  .         Reflect  .     (no gloves)
SustAt +         Harm     .     (no boots)
MR     .....                    (no amulet)
Stlth  ++........               (no ring)
                                (no ring)

@: not resistant to hostile enchantments, unstealthy
A: high mp 1, sustain attributes
a: no special abilities


You were on level 1 of the Dungeon.
You were not hungry.

You visited 1 branch of the dungeon, and saw 1 of its levels.

You collected 15 gold pieces.

Inventory:

Armour
 a - a +0 robe (worn)
Scrolls
 d - a scroll of random uselessness {unknown}
Books
 b - a book of Flames

   Spells                             Type                      Level
   a - Flame Tongue                   Conjuration/Fire             1
   b - Throw Flame                    Conjuration/Fire             2
   c - Conjure Flame                  Conjuration/Fire             3
   d - Inner Flame                    Hexes/Fire                   3
   e - Sticky Flame                   Conjuration/Fire             4
   f - Fireball                       Conjuration/Fire             5
Comestibles
 c - a bread ration


   Skills:
 + Level 1.7 Dodging
 + Level 1.7 Stealth
 + Level 1.8 Spellcasting
 + Level 0.8 Conjurations
 + Level 2.6 Fire Magic


You had 2 spell levels left.
You knew the following spells:

 Your Spells              Type           Power        Failure   Level  Hunger
a - Flame Tongue          Conj/Fire      #....        10%         1    #......


Dungeon Overview and Level Annotations

Branches:
Dungeon (1/15)


Innate Abilities, Weirdness & Mutations

You have an increased reservoir of magic (+10% MP).
Your attributes are resistant to harm.


Message History

The tentacle slaps the vine stalker!
The tentacle slaps the vine stalker.
Something slaps the octopode!!
The kraken bites the octopode!!
The octopode dies!
The tentacle slaps the formicid!
The tentacle slaps the formicid!!
The formicid dies!
The tentacle slaps the gargoyle!
The tentacle slaps the minotaur!!
Something slaps the minotaur!!
You now have 15 gold pieces.
Found a stone staircase leading down.
d - a scroll labeled SOOMUYPSOET
Found a stone staircase leading down.
A giant newt comes into view.
You hit the giant newt.
You kill the giant newt!
Quiver which item? (- for none, * to show all) (? for menu, Esc to quit)
You don't have any such object.
Quiver which item? (- for none, * to show all) (? for menu, Esc to quit)
Okay, then.
Are you sure you want to abandon this character and quit the game? (Confirm with "yes".)

##.....# # #...#..#
# #.#....# ......#
#>....#
##.####.#...#####
.................
#.####.#.##########
#@#..........##
#.#########...####
#.# #.#..... ..#
#...#### ### #####


There were no monsters in sight!

Vanquished Creatures
  A giant newt (D:1)
1 creature vanquished.

Vanquished Creatures (others)
  A minotaur (D:1)
  2 octopodes (D:1)
  A vine stalker (D:1)
  A gargoyle (D:1)
  A troll (D:1)
  A formicid (D:1)
  A vampire (D:1)
  A spriggan (D:1)
  A dwarf (D:1)
  An ogre (D:1)
  2 orcs (D:1)
  2 kobolds (D:1)
  9 tentacles (D:1)
  53 tentacle segments (D:1)
77 creatures vanquished.

Grand Total: 78 creatures vanquished

Notes
Turn   | Place    | Note
--------------------------------------------------------------
     0 | D:1      | dvd the Demigod Fire Elementalist began the quest for the Orb.
     0 | D:1      | Reached XP level 1. HP: 14/14 MP: 5/5
     2 | D:1      | Noticed a spriggan
     2 | D:1      | Noticed an ogre
     2 | D:1      | Noticed a dwarf
     2 | D:1      | Noticed a kraken
     2 | D:1      | Noticed a vine stalker
     2 | D:1      | Noticed an octopode
     2 | D:1      | Noticed a gargoyle
     2 | D:1      | Noticed an octopode
     2 | D:1      | Noticed a troll
     2 | D:1      | Noticed a formicid
     2 | D:1      | Noticed a minotaur
     2 | D:1      | Noticed a vampire
     4 | D:1      | Killed a vampire
     5 | D:1      | Killed an ogre
     7 | D:1      | Killed a dwarf
     7 | D:1      | Killed an octopode
     8 | D:1      | Killed a spriggan
     9 | D:1      | Killed an octopode
    10 | D:1      | Killed a formicid
    11 | D:1      | Killed a vine stalker
    11 | D:1      | Killed a troll
    13 | D:1      | Killed a gargoyle
    18 | D:1      | Killed a minotaur
    54 | D:1      | Quit the game

Vault maps used:
D:1:      nicolae_arrival_kraken_aquarium_b

Action                   || total
-------------------------++-------
Melee: Unarmed           ||     1
